 Dungeon Crawl Stone Soup version 0.30-a0-377-g5cb311bc9f (webtiles) character file.

Game seed: 14061730057362192619

76 spicycupcake777 the Grave Robber (level 4, -4/24 HPs)
             Began as a Vampire Necromancer on Nov 28, 2022.
             Slain by Grinder (5 damage)
             ... while paralysed by Grinder
             ... on level 3 of the Dungeon.
             The game lasted 00:11:08 (1372 turns).

spicycupcake777 the Grave Robber (VpNe)             Turns: 1372, Time: 00:11:08

Health: -4/24      AC:  3    Str:  7    XL:     4   Next: 12%
Magic:  4/8        EV: -1    Int: 19    God:
Gold:   107        SH:  0    Dex: 14    Spells: 4/8 levels left

rFire   . . .      SeeInvis +    c - +0 short sword
rCold   + + .      Faith    .    (no shield)
rNeg    + + +      Spirit   .    a - +1 robe
rPois   ∞          Reflect  .    (no helmet)
rElec   .          Harm     .    (no cloak)
rCorr   .          Rampage  .    (no gloves)
Will    .....                    (no boots)
Stlth   ++++......               (no amulet)
HPRegen 0.00/turn                (no ring)
MPRegen 0.11/turn                (no ring)

@: paralysed, bloodless, inhibited regen, constricted
A: bloodless, fangs 3, see invisible, vampiric 2
a: Bat Form, Revivify


You were on level 3 of the Dungeon.
You visited 1 branch of the dungeon, and saw 3 of its levels.

You collected 107 gold pieces.

Inventory:

Hand Weapons
 c - a +0 short sword (weapon)
Armour
 a - a +1 robe (worn)
Scrolls
 e - a scroll of summoning {unknown}
 f - 3 scrolls of identify {unknown}
Potions
 b - a potion of magic
 d - a potion of curing


   Skills:
 + Level 0.4 Fighting
 + Level 1.2 Short Blades
 + Level 2.5 Dodging
 + Level 3.3 Stealth
 + Level 2.7 Spellcasting
 + Level 5.2 Necromancy


You had 4 spell levels left.
You knew the following spells:

 Your Spells              Type           Power      Damage    Failure   Level
a - Necrotise             Necr           88%        1d8       1%          1
b - Vampiric Draining     Necr           22%        2d7       5%          3

Your spell library contained the following spells:

 Spells                   Type           Power      Damage    Failure   Level
 Animate Dead             Necr           22%        N/A       19%         4
 Ensorcelled Hibernation  Hex/Ice        4%         N/A       24%         2
 Passwall                 Tmut/Erth      1%         N/A       24%         2
 Swiftness                Air            2%         N/A       43%         3
 Agony                    Necr           22%        N/A       45%         5


Dungeon Overview and Level Annotations

Branches:
Dungeon (3/15)

Altars:

Annotations:
D:3 Grinder


Innate Abilities, Weirdness & Mutations

You do not regenerate when monsters are visible.
You are frail without blood (-20% HP).
You can heal yourself when you bite living creatures.
You are immune to poison.
You have razor-sharp teeth.
You have supernaturally acute eyesight. (SInv)
You are afflicted with vampirism and can become a bat while bloodless.


Message History

Aiming: Necrotise (safe; 1% risk of failure)
Press: ? - help, Q - select action Shift-Dir - straight line, f/p - Jessica
Aim: Jessica, wielding a +3 dagger of venom and wearing a +0 robe (severely wounded, fast, chance to affect: 85%) Jessica writhes in agony.
You kill Jessica!
The dead are walking!
Grinder blinks!
You have reached level 4!
Aiming: Necrotise (safe; 1% risk of failure)
Press: ? - help, Q - select action Shift-Dir - straight line, f - Grinder
Aim: Grinder (ally target, not susceptible) Grinder is unaffected.
Grinder gestures at you. You resist with significant effort.
Casting: Necrotise (safe; 1% risk of failure)
Confirm with . or Enter, or press ? or * to list all spells.
You can't see any susceptible monsters within range! (Use Z to cast anyway.) Unknown command.
You hit Grinder but do no damage.
A ball python comes into view.
You closely miss Grinder. Grinder hits you!
Jessica hits the ball python.
You hit Grinder but do no damage. Grinder hits you.
You closely miss Grinder. Grinder closely misses you.
You barely miss Grinder.
Grinder says, "Don't move a muscle."
Grinder gestures at you.
You suddenly lose the ability to move!
The ball python bites you but does no damage.
The ball python grabs you. The ball python constricts you.
Grinder gestures at you. You resist with significant effort.
The ball python bites you. The ball python constricts you. Grinder hits you.
The ball python bites you but does no damage.
The ball python constricts you.
Jessica hits Grinder.
Grinder hits you.
* * * LOW HITPOINT WARNING * * *
The ball python bites you but does no damage.
The ball python constricts you.
* * * LOW HITPOINT WARNING * * *
Jessica barely misses Grinder.
Grinder hits you.
You die...

## ..#######
........#
........#
........#
.$......#
#.>.....######.#
#.....S@.......#
#.)..Z5##'######
#.###.######.##
... #8.8# #.#
##.## #.# ##.##
#.# #8.8# #.#
##.## #.# ##.##


You could see Grinder (ally target), a ball python and the friendly Jessica the
human skeleton.

Vanquished Creatures
  Jessica (D:3)
  3 adders (D:2)
  A worm (D:2)
  A dart slug (D:2)
  A ball python (D:2)
  3 endoplasms
  2 giant cockroaches
  A goblin (D:2)
  A hobgoblin (D:2)
  A bat (D:2)
  2 frilled lizards
  A kobold (D:2)
  2 rats
20 creatures vanquished.

Vanquished Creatures (collateral kills)
  A rat (D:2)
1 creature vanquished.

Grand Total: 21 creatures vanquished

Notes
Turn   | Place    | Note
-------+----------+-------------------------------------------
     0 | D:1      | spicycupcake777 the Vampire Necromancer began the quest for
                  | the Orb.
     0 | D:1      | Reached XP level 1. HP: 13/13 MP: 3/3
   158 | D:1      | You fall into a shaft and drop 1 floor!
   217 | D:2      | Reached XP level 2. HP: 18/19 MP: 1/5
   619 | D:2      | Reached skill level 5 in Necromancy
   619 | D:2      | Gained mutation: You are afflicted with vampirism and can
                  | become a bat while bloodless. [Vampire growth]
   619 | D:2      | Reached XP level 3. HP: 9/24 MP: 4/6
   817 | D:2      | Learned a level 3 spell: Vampiric Draining
   999 | D:2      | Reached skill level 1 in Short Blades
  1358 | D:3      | Noticed Jessica
  1359 | D:3      | Noticed Grinder
  1362 | D:3      | Killed Jessica
  1363 | D:3      | Reached XP level 4. HP: 24/24 MP: 4/8
  1368 | D:3      | Paralysed by Grinder for 4 turns
  1371 | D:3      | HP: 1/24 [constriction (1)]
  1372 | D:3      | Slain by Grinder

Illustrated notes

Levels and vault maps discovered:
D:1:      dpeg_chamrin_arrival_tetris, layout_basic, serial_glass,
          glass_columns_b, glass_columns_b
D:2:      layout_basic, minmay_fractal_squares_gapless_5
D:3:      layout_basic, corexii_corridor_pit, dk_noncrumbling_2,
          chequers_serial_rivers_micro_a, kennysheep_flooded_box,
          minmay_misc_feat_tower, chequers_jeans, kennysheep_minor_cross,
          uniq_grinder, uniq_jessica

Skill      XL: |  1  2  3 |
---------------+----------+-----
Necromancy     | 5 |  5.2
Short Blades   | 1 |  1.2
Fighting       | |  0.4
Dodging        | |  2.5
Stealth        | |  3.3
Spellcasting   | |  2.7

Action                   |  1- 3 |  4- 6 || total
-------------------------+-------+-------++-------
Melee: Short sword       |    56 |     5 ||    61
       Bite              |     5 |       ||     5
 Cast: Necrotise         |    31 |     1 ||    32
 Abil: Exsanguinate      |     1 |       ||     1
  Use: Scroll            |     2 |       ||     2
       Potion            |     4 |       ||     4
Armor: Robe              |    14 |     3 ||    17
Dodge: Dodged            |    38 |     1 ||    39

Table legend: (Time is in decaauts)
 A = Elapsed time spent in this place.
 B = Non-inter-level travel time spent in this place.
 C = Inter-level travel time spent in this place.
 D = Time resting spent in this place.
 E = Time spent auto-exploring this place.
 F = Levels seen in this place.
 G = Mean time per level.
                   A        B        C        D        E       F      G
               +--------+--------+--------+--------+--------+-----+--------+
         Total |   1370 |   1341 |     29 |    134 |    777 |   3 |  456.7 |
       Dungeon |   1370 |   1341 |     29 |    134 |    777 |   3 |  456.7 |
               +--------+--------+--------+--------+--------+-----+--------+

Top non-repeatable levels by time:
     D:2: 987 daAuts
     D:3: 225 daAuts
     D:1: 157 daAuts
